 Dungeon Crawl Stone Soup version 0.31-a0-1591-g515db51633 (webtiles) character file.

Game seed: 9352122139798013107

16 pokeman the Magician (level 2, 0/16 HPs)
             Began as a Deep Elf Hedge Wizard on Jan 6, 2024.
             Slain by a jackal (1 damage)
             ... on level 1 of the Dungeon.
             The game lasted 00:00:44 (479 turns).

pokeman the Magician (Deep Elf Hedge Wizard)         Turns: 479, Time: 00:00:45

Health: 0/16       AC:  2    Str:  7    XL:     2   Next: 41%
Magic:  1/9        EV: 12    Int: 18    God:
Gold:   15         SH:  0    Dex: 14    Spells: 9/10 levels left

rFire   . . .        a - +0 dagger
rCold   . . .        (no shield)
rNeg    . . .        b - +0 robe
rPois   .            c - +0 hat
rElec   .            (no cloak)
rCorr   .            (no gloves)
SInv    .            (no boots)
Will    .....        (no amulet)
Stlth   ++           (no ring)
HPRegen 0.22/turn    (no ring)
MPRegen 0.11/turn

%: no passive effects
@: no status effects
A: no striking features
a: no special abilities


You were on level 1 of the Dungeon.
You visited 1 branch of the dungeon, and saw 1 of its levels.

You collected 15 gold pieces.

Inventory:

Hand Weapons
 a - a +0 dagger (weapon)
Armour
 b - a +0 robe (worn)
 c - a +0 hat (worn)
Scrolls
 e - a scroll of enchant armour {unknown}
Potions
 d - a potion of magic
 f - a potion of might {unknown}


   Skills:
 + Level 0.5 Fighting
 + Level 0.5 Armour
 - Level 2.4 Dodging
 - Level 2.4 Stealth
 * Level 4.8 Spellcasting
 + Level 1.5 Conjurations
 - Level 1.1 Summonings
 - Level 1.1 Translocations


You had 9 spell levels left.
You knew the following spells:

 Your Spells              Type           Power      Damage    Failure   Level
a - Magic Dart            Conj           36%        1d4       8%          1

Your spell library contained the following spells:

 Spells                   Type           Power      Damage    Failure   Level
 Blink                    Tloc           16%        N/A       13%         2
 Call Imp                 Summ           16%        N/A       13%         2
 Slow                     Hex            16%        N/A       14%         1
 Cigotuvi's Dreadful Rot  Necr/Alch/Air  8%         N/A       21%         2
 Mephitic Cloud           Conj/Alch/Air  6%         N/A       32%         3


Dungeon Overview and Level Annotations

Branches:
Dungeon (1/15)

Altars:


Message History

The jackal bites you. x2
The jackal bites you but does no damage.
The jackal bites you. The jackal barely misses you.
You hit the jackal.
The jackal is almost dead.
The jackal bites you. The jackal barely misses you. The jackal bites you.
* * * LOW HITPOINT WARNING * * *
Unknown command.
You hit the jackal.
You kill the jackal!
You miss the jackal. The jackal misses you.
The jackal bites you but does no damage.
You barely miss the jackal. The jackal closely misses you.
You hit the jackal.
The jackal is lightly wounded.
The jackal barely misses you. The jackal bites you.
* * * LOW HITPOINT WARNING * * *
You closely miss the jackal.
The jackal is lightly wounded.
You hit the jackal.
The jackal is moderately wounded.
The jackal barely misses you.
The jackal bites you but does no damage.
You hit the jackal.
The jackal is almost dead.
The jackal bites you but does no damage.
The jackal closely misses you. The jackal barely misses you. x2
Casting: Magic Dart (safe; 8% risk of failure)
Confirm with . or Enter, or press ? or * to list all spells.
Aiming: Magic Dart (safe; 8% risk of failure)
Press: ? - help, Shift-Dir - straight line, f - jackal
Aim: a jackal (almost dead, 100% to hit)
The magic dart hits the jackal.
You kill the jackal!
The jackal bites you.
* * * LOW HITPOINT WARNING * * *
You hit the jackal but do no damage. The jackal closely misses you.
You closely miss the jackal. The jackal bites you.
You die...

........>..+..........#####.....
........... ....................
.......†..##....................
.).....†...#....................
#......)...#......##.........#..
##...#.....h.......##.........#..
)....+............#.......#..####
.....###.....#####..#####..#.####
...............h@..#.....#.......
............##.#†.#.......#..#...
#................#....<....#.....
#......###........#.......#......
.......# #......#..#.....#..###.#
.......# ##.##..##..#####..## #.#
......#####.#...###........####..
..........#.#..######.###......>.
..##'#......#.........###.##...##


You could see a jackal.

Vanquished Creatures
  2 dart slugs (D:1)
  An endoplasm (D:1)
  3 jackals (D:1)
  2 kobolds (D:1)
  2 goblins (D:1)
  2 rats (D:1)
12 creatures vanquished.

Notes
Turn   | Place    | Note
-------+----------+-------------------------------------------
     0 | D:1      | pokeman the Deep Elf Hedge Wizard began the quest for the
                  | Orb.
     0 | D:1      | Reached XP level 1. HP: 10/10 MP: 7/7
   210 | D:1      | Reached XP level 2. HP: 15/15 MP: 7/9
   479 | D:1      | Slain by a jackal

Illustrated notes

Levels and vault maps discovered:
D:1:      scummos_arrival_hexagon, layout_basic, minivault_4

Action                     || total
---------------------------++-------
  Melee: Dagger            ||    11
   Cast: Magic Dart        ||    37
 Armour: Robe              ||    18
  Dodge: Dodged            ||    19

Table legend: (Time is in decaauts)
 A = Elapsed time spent in this place.
 B = Non-inter-level travel time spent in this place.
 C = Inter-level travel time spent in this place.
 D = Time resting spent in this place.
 E = Time spent auto-exploring this place.
 F = Levels seen in this place.
 G = Mean time per level.
                   A        B        C        D        E       F      G
               +--------+--------+--------+--------+--------+-----+--------+
         Total |    479 |    479 |      0 |      0 |    402 |   1 |  479.0 |
       Dungeon |    479 |    479 |      0 |      0 |    402 |   1 |  479.0 |
               +--------+--------+--------+--------+--------+-----+--------+

Top non-repeatable levels by time:
     D:1: 479 daAuts
